 Dungeon Sprint DCSS version 0.13-a0-2477-geaae114 (webtiles) character file.

508 Lunia the Grappler (level 5, -5/53 HPs)
             Began as a Troll Monk on July 19, 2013.
             Slain by an elephant slug (30 damage)
             ... in the Dungeon (Sprint I: "Red Sonja").
             The game lasted 00:00:58 (441 turns).

Lunia the Grappler (Troll Monk)                      Turns: 441, Time: 00:00:58

HP  -5/53        AC  5     Str 19      XL: 5   Next: 47%
MP   1/1         EV 12     Int  6      God:
Gold 310         SH  0     Dex 13      Spells:  0 memorised,  4 levels left

Res.Fire  : . . .   See Invis. : .     - Unarmed
Res.Cold  : . . .   Warding    : .   a - +0 robe
Life Prot.: . . .   Conserve   : .   (shield restricted)
Res.Poison: .       Res.Corr.  : .   (helmet restricted)
Res.Elec. : .       Clarity    : .   (no cloak)
Sust.Abil.: . .     Spirit.Shd : .   (gloves unavailable)
Res.Mut.  : .       Prev.Telep.: +   (boots unavailable)
Res.Rott. : .       Flight     : .   (no amulet)
Gourmand  : +                        (no ring)
                                     (no ring)

@: slightly resistant to hostile enchantments, unstealthy
A: unfitting armour, claws 3, fast metabolism 3, gourmand, regeneration 2,
saprovore 2, tough skin 2, AC +1
a: no special abilities


You were in the Dungeon.
You were full.

You visited 1 branch You collected 310 gold pieces.

Inventory:

Armour
 a - a +0 robe (worn)
Comestibles
 b - 2 meat rations
Scrolls
 h - a scroll of blinking
Potions
 c - a potion of curing
 d - a potion of heal wounds
 e - a potion of speed
 f - 2 potions of magic
 g - a potion of berserk rage


   Skills:
 + Level 4.8 Fighting
 + Level 4.9 Dodging
 + Level 1.6 Stealth
 + Level 9.5 Unarmed Combat


You had 4 spell levels left.
You didn't know any spells.

Dungeon Overview and Level Annotations

Branches:
Dungeon (1/1)

Altars:
Ashenzari
Kikubaaqudgha
Makhleb
Okawaru
Xom

Shops:
D: %


Innate Abilities, Weirdness & Mutations

You are too large for most types of armour.
You have claws for hands.
Your metabolism is lightning-fast.
You like to eat raw meat.
You heal very quickly.
You can eat rotten meat.
You are covered in fur (AC +1).
You have very tough skin (AC +2).


Message History

You hit the elephant slug.
The elephant slug is heavily wounded.
The elephant slug bites you!
You claw the elephant slug!
The elephant slug is heavily wounded.
You barely miss the elephant slug.
The elephant slug is heavily wounded.
You hit the elephant slug.
The elephant slug is heavily wounded.
You claw the elephant slug!
The elephant slug is severely wounded.
The elephant slug briefly extends its eye-stalks.
The elephant slug bites you!
You claw the elephant slug!
The elephant slug is severely wounded.
You hit the elephant slug.
The elephant slug is severely wounded.
The elephant slug bites you!
Ouch! That really hurt!
You die...

################
#<<#..').#.)'..#
#<.'..#..'..#..+
#..#####'#####'#
#..# #..#...#.#
#..#_.####..##)#
#..#.....##'#..+
#⌠⌠#_.∩..j@..._#
####.....##_.#'#
#_._. ##+#(#
#### ###


You could see an elephant slug.

Vanquished Creatures
  An ogre (D)
  Sigmund (D)
  A jelly (D)
  Ijyb (D)
4 creatures vanquished.

Vanquished Creatures (others)
  A metal gargoyle (D)
1 creature vanquished.

Grand Total: 5 creatures vanquished

Notes
Turn   | Place    | Note
--------------------------------------------------------------
     0 | D        | Lunia, the Troll Monk, began the quest for the Orb.
     0 | D        | Reached XP level 1. HP: 20/20 MP: 0/0
     2 | D        | Noticed Ijyb
     9 | D        | Killed Ijyb
     9 | D        | Reached skill level 5 in Unarmed Combat
     9 | D        | Reached XP level 2. HP: 25/28 MP: 0/0
    24 | D        | Noticed an ogre
    29 | D        | Killed an ogre
    29 | D        | Reached skill level 8 in Unarmed Combat
    29 | D        | Reached XP level 3. HP: 2/36 MP: 1/1
    29 | D        | Reached XP level 4. HP: 2/45 MP: 1/1
   207 | D        | Noticed Sigmund
   213 | D        | Killed Sigmund
   213 | D        | Reached skill level 9 in Unarmed Combat
   213 | D        | Reached XP level 5. HP: 42/52 MP: 1/1
   251 | D        | Found a shimmering altar of Xom.
   253 | D        | Found an iron altar of Okawaru.
   368 | D        | Killed a metal gargoyle
   427 | D        | Found an iron altar of Okawaru.
   427 | D        | Found a burning altar of Makhleb.
   427 | D        | Found Kuomm's Food Emporium.
   427 | D        | Found a shattered altar of Ashenzari.
   427 | D        | Found an ancient bone altar of Kikubaaqudgha.
   427 | D        | Noticed an elephant slug
   441 | D        | Slain by an elephant slug

Action                   |  1- 3 |  4- 6 || total
-------------------------+-------+-------++-------
Melee: Unarmed           |    10 |    21 ||    31
 Stab: Sleeping          |       |     2 ||     2
